 Dungeon Crawl Stone Soup version 0.28-a0-382-g33c4956463 (webtiles) character file.

Game seed: 17871323287311317574

22 Breniz the Skirmisher (level 2, 0/33 HPs)
             Began as an Ogre Berserker on Sept 2, 2021.
             Was a Follower of Elyvilon.
             Succumbed to an adder's poison
             ... on level 2 of the Dungeon.
             The game lasted 00:05:42 (934 turns).

Breniz the Skirmisher (Ogre Berserker)               Turns: 934, Time: 00:05:42

Health: 0/33       AC:  3    Str: 20    XL:     2   Next: 91%
Magic:  2/2        EV: 10    Int:  8    God:    Elyvilon [*.....]
Gold:   45         SH:  0    Dex:  8    Spells: 1/1 levels left

rFire   . . .      SeeInvis .   a - +0 hand axe
rCold   . . .      Faith    .   (no shield)
rNeg    . . .      Spirit   .   b - +0 animal skin
rPois   .          Reflect  .   (helmet restricted)
rElec   .          Harm     .   (no cloak)
rCorr   .          Rampage  .   (gloves unavailable)
Will    .....                   (boots unavailable)
Stlth   +.........              (no amulet)
HPRegen 0.11/turn               (no ring)
MPRegen 0.08/turn               (no ring)

@: lethally poisoned (0 -> -3)
A: large, unfitting armour, tough skin 1
a: Renounce Religion, Lesser Healing, Divine Protection


You were on level 2 of the Dungeon.
You worshipped Elyvilon.
Elyvilon was aware of your devotion.
You visited 1 branch of the dungeon, and saw 2 of its levels.

You collected 45 gold pieces.

Inventory:

Hand Weapons
 a - a +0 hand axe (weapon)
Armour
 b - a +0 animal skin (worn)
 c - a +0 plate armour
Scrolls
 d - a scroll of vulnerability {unknown}


   Skills:
 + Level 4.5 Fighting
 + Level 3.4 Axes
 + Level 3.0 Dodging


You had one spell level left.
You didn't know any spells.
Your spell library was empty.

Dungeon Overview and Level Annotations

Branches:
Dungeon (2/15)

Altars:
Elyvilon

Shops:
D:2 =


Innate Abilities, Weirdness & Mutations

You are too large for most types of armour.
You have tough skin. (AC +1)


Message History

The worm is moderately wounded.
The worm bites you.
* * * LOW HITPOINT WARNING * * *
You barely miss the worm.
The worm is moderately wounded.
You hit the worm but do no damage.
The worm is moderately wounded.
The worm bites you.
* * * LOW HITPOINT WARNING * * *
You slash the worm!
The worm is severely wounded.
The worm bites you but does no damage.
You hit the worm.
The worm is almost dead.
You hit the worm.
You kill the worm!
You open the door.
There is an open door here.
Found a stone staircase leading down.
An adder comes into view.
The adder bites you.
* * * LOW HITPOINT WARNING * * *
You barely miss the adder. The adder barely misses you.
You barely miss the adder. The adder bites you but does no damage.
The adder barely misses you.
You closely miss the adder. The adder bites you.
* * * LOW HITPOINT WARNING * * *
You are lethally poisoned!
The adder poisons you!
You hit the adder.
The adder is heavily wounded.
* * * LOW HITPOINT WARNING * * *
You feel sick. The adder closely misses you. The adder barely misses you.
You barely miss the adder.
The adder is heavily wounded.
* * * LOW HITPOINT WARNING * * *
You feel sick. The adder barely misses you.
You hit the adder.
The adder is severely wounded.
You die...

....#......... ##
....#..... ... ..#.#
....#.... .. #.#.#
....#... .##.#.#
....#..## +##.....#
# ....#...
...#...#.#
....#.#### #...#...#
.........# #....>#
####..##.#####.#@###
# #.........#.#.S.#
8.8##....##.##.#.#.#
.⌠.####.....##.#.#.#
∩.8# #.....'..#.# #
.⌠.# #.....####.#
8.8# ####### #.#
#### #.# #


You could see an adder.

Vanquished Creatures
  A worm (D:2)
  4 bats (D:1)
  An endoplasm (D:1)
  A giant cockroach (D:1)
  3 goblins (D:1)
  2 hobgoblins (D:1)
  A quokka (D:2)
  A ball python (D:1)
  A frilled lizard (D:1)
  3 kobolds (D:1)
18 creatures vanquished.

Vanquished Creatures (others)
  6 withered plants (D:1)
6 creatures vanquished.

Grand Total: 24 creatures vanquished

Notes
Turn   | Place    | Note
-------+----------+-------------------------------------------
     0 | D:1      | Breniz the Ogre Berserker began the quest for the Orb.
     0 | D:1      | Reached XP level 1. HP: 24/24 MP: 1/1
   256 | D:1      | Reached XP level 2. HP: 32/32 MP: 2/2
   613 | D:1      | Found a faded altar of an unknown god.
   642 | D:1      | Fell from the grace of Trog
   642 | D:1      | Became a worshipper of Elyvilon the Healer
   642 | D:1      | Reached * piety under Elyvilon
   881 | D:2      | Found Tyedd's Jewellery Shop.
   933 | D:2      | HP: 1/33 [poisoned by an adder]
   934 | D:2      | Succumbed to an adder's poison

Illustrated notes

Levels and vault maps discovered:
D:1:      shiori_arrival_whats_in_store_for_you, layout_loops_corners,
          ebering_ecumenical_altar_petrified
D:2:      layout_basic, serial_shops,
          nicolae_shop_temple_entry_statues_fountains

Skill      XL: |  1  2 |
---------------+-------+-----
Dodging        | 3 |  3.0
Fighting       | |  4.5
Axes           | |  3.4

Action                   || total
-------------------------++-------
Melee: Hand axe          ||    87
Invok: Berserk           ||     1
  Use: Potion            ||     1
Armor: Animal skin       ||    21
Dodge: Dodged            ||    41

Table legend: (Time is in decaauts)
 A = Elapsed time spent in this place.
 B = Non-inter-level travel time spent in this place.
 C = Inter-level travel time spent in this place.
 D = Time resting spent in this place.
 E = Time spent auto-exploring this place.
 F = Levels seen in this place.
 G = Mean time per level.
                   A        B        C        D        E       F      G
               +--------+--------+--------+--------+--------+-----+--------+
         Total |    954 |    300 |    654 |     69 |      0 |   2 |  477.0 |
       Dungeon |    954 |    300 |    654 |     69 |      0 |   2 |  477.0 |
               +--------+--------+--------+--------+--------+-----+--------+

Top non-repeatable levels by time:
     D:1: 898 daAuts
     D:2: 55 daAuts
